cohdb
Replays
Latest Replays
All Replays
Popular Replays
Top Player Replays
Match Explorer
How It Works
Community
CoH3 Stats
Reddit
Sign in to upload your games and track your stats! →
Sign in with Steam
Match 43607617
Unlisted
Match 43607617
Overview
Messages
Build Orders
End
Construct Infanterie Kompanie
Kettenkrad Recon Vehicle
Selects Mechanized Battlegroup
MG 42 Machine Gun Team
Grenadier Squad
GrW 34 Mortar Team
Grenadier Squad
Infanterie Officer Quarters
GrW 34 Mortar Team
Construct Panzergrenadier Kompanie
Selects Mobile Repair Stations
Pak 40 Anti-tank Gun Team
Medical Bunker
Panzergrenadier Squad
Pak 40 Anti-tank Gun Team
Selects Wespe Self-propelled Artillery
Gatom
Metile
idjTO0rxIlnnmm
Hetman
Mystery
TrashFantastic
0
0
Comments
sign in to comment!
No comments posted yet!